[Event "Wednesday Jan 10 Engine Tour 9 Rd Swiss 12m+1s Starts at 1600hrs ST"]
[Site "Infinity Chess"]
[Date "2018.1.10"]
[Round "8"]
[White "Dovahkiin"]
[Black "THE_MACHINE"]
[Result "1/2-1/2"]
[ECO ""]
[WhiteElo "2434"]
[BlackElo "2527"]
[WhiteEngine "BrainFish_180106_x64_modern_CTG"]
[BlackEngine "Houdini 6"]
[EventType "Swiss"]
[WhiteTeam ""]
[BlackTeam ""]
[PlyCount "276"]
[TimeControl "720+1"]

1. e3 Nf6 2. d3 c5 3. d4 g6 4. Nf3 Bg7 5. Be2 d5 6. O-O O-O 7. dxc5 Ne4 
8. Nc3 Bxc3 9. bxc3 Nxc3 10. Qe1 Nxe2+ 11. Qxe2 Qc7 12. c4 Qxc5 13. cxd5 Qxd5 
14. e4 Qh5 15. Rb1 b6 16. Qe3 Qc5 17. Qxc5 bxc5 18. Ba3 Na6 19. Rb5 Rd8 
20. h3 Be6 21. Ra5 Rd6 22. Bc1 Bc4 23. Re1 Nb4 24. Bf4 Re6 25. Rc1 Rxe4 
26. Be3 Nxa2 27. Ra1 Bd5 28. Bxc5 Nc3 29. Rxa7 Rxa7 30. Rxa7 Kf8 31. Kh2 f6 
32. Nd4 Bf7 33. f3 Re5 34. Bb4 Nd5 35. Bd2 Be8 36. Rb7 h5 37. h4 Ba4 38. Kg3 Ne3 
39. Bb4 Nc2 40. Nxc2 Bxc2 41. Kf4 Ba4 42. Ra7 Bc6 43. Rc7 Bb5 44. Kg3 Ke8 
45. Rc8+ Kd7 46. Rg8 Bd3 47. Ra8 Re2 48. Ra3 Bc4 49. Ra7+ Ke8 50. Ra8+ Kf7 
51. Ra7 Bd3 52. Kf4 Bf5 53. Bc5 Ke8 54. Ra8+ Kd7 55. Ra7+ Kd8 56. Bb4 Ke8 
57. Ra8+ Kd7 58. Kg3 Ke6 59. Ra7 Kf7 60. Bc5 Bc8 61. Rc7 Ba6 62. Ra7 Bd3 
63. Kf4 Bb5 64. Kg3 Bc6 65. Rc7 Ba4 66. Ba3 Re5 67. Bb4 Bb5 68. Ra7 Bf1 
69. Kf2 Bd3 70. Kg3 Re6 71. Bc5 Bc4 72. Ba3 Bd5 73. Kf2 Bc6 74. g4 Bb5 
75. Kg3 Re2 76. Bc5 Kf8 77. Rb7 Be8 78. Ra7 Re5 79. Ba3 Kf7 80. Bd6 Re6 
81. Ba3 Re2 82. Bb4 Bc6 83. Rc7 Ba4 84. Ra7 Bd1 85. gxh5 gxh5 86. Kf4 Bb3 
87. Kg3 Bd5 88. Rd7 Bc4 89. Rc7 Bd3 90. Rb7 Re3 91. Bc5 Re1 92. Ba3 Bc4 
93. Rc7 Bd5 94. Kf2 Re5 95. Bd6 Re6 96. Bb4 Bb3 97. Rc5 Re5 98. Rxe5 fxe5 
99. Ke3 Kf6 100. Bc3 Kf5 101. Bb4 e6 102. Bc5 Bd5 103. Be7 e4 104. f4 Bc4 
105. Bd8 Bb5 106. Bg5 Bf1 107. Kd4 Bg2 108. Ke3 Bh1 109. Ke2 Bf3+ 110. Kf2 Bg4 
111. Ke3 Bh3 112. Kd4 Bf1 113. Ke3 Bd3 114. Be7 Bc2 115. Bd8 Bb3 116. Bg5 Ba4 
117. Be7 e5 118. fxe5 Kxe5 119. Bg5 Bc2 120. Bf4+ Kf6 121. Bd6 Bd3 122. Kf4 Ke6 
123. Be5 Kd5 124. Bc3 Bc2 125. Ke3 Ba4 126. Bd4 Bb5 127. Bb2 Bc6 128. Bd4 Bd7 
129. Bg7 Bh3 130. Ba1 Bf1 131. Bb2 Bc4 132. Bc3 Bf1 133. Bg7 Bd3 134. Bc3 Bb1 
135. Bd4 Ba2 136. Bc3 Bb1 137. Bb2 Ba2 138. Bc3 Bb1 1/2-1/2

[Event "Wednesday Jan 10 Engine Tour 9 Rd Swiss 12m+1s Starts at 1600hrs ST"]
[Site "Infinity Chess"]
[Date "2018.1.10"]
[Round "7"]
[White "KULLANI"]
[Black "PAKman"]
[Result "0-1"]
[ECO "C50"]
[WhiteElo "2421"]
[BlackElo "2354"]
[WhiteEngine "BrainFish_180106_x64_CTG"]
[BlackEngine "Raubfisch ME262_GTZ16b1_CTG"]
[EventType "Swiss"]
[WhiteTeam ""]
[BlackTeam ""]
[PlyCount "268"]
[TimeControl "720+1"]

1. e4 e5 2. Nf3 Nc6 3. Bc4 Bc5 4. O-O Nf6 5. d3 d6 6. c3 O-O 7. Bg5 h6 8. Bh4 a6 
9. Re1 g5 10. Bg3 Ba7 11. Nbd2 Nh7 12. h3 h5 13. d4 g4 14. hxg4 hxg4 15. Bh4 Qd7 
16. Nh2 Kh8 17. Be2 Rg8 18. Nb3 Qe6 19. Bxg4 Rxg4 20. Qxg4 Qxg4 21. Nxg4 Bxg4 
22. d5 Nd8 23. c4 Bd7 24. Rac1 Kg7 25. c5 f6 26. Rc3 Kg6 27. f3 Nf7 28. Bf2 f5 
29. cxd6 Bxf2+ 30. Kxf2 cxd6 31. exf5+ Bxf5 32. Rd1 Nf6 33. Rc7 b6 34. Nc1 b5 
35. Ne2 b4 36. Rb7 a5 37. Kg1 Bc8 38. Rc7 Ne8 39. Rc6 Nf6 40. Rc7 Ne8 
41. Rc6 Bb7 42. Rb6 Ba6 43. Ng3 Nf6 44. b3 Nd7 45. Rc6 Bb5 46. Rc7 Nc5 
47. Rb1 a4 48. bxa4 Rxa4 49. Rb2 Nd3 50. Rbc2 Nf4 51. Rb7 Ba6 52. Ra7 Nxd5 
53. Rc8 Bxc8 54. Rxa4 Bd7 55. Ra7 Bc6 56. Ne2 Nc3 57. Nc1 Bd5 58. Ra6 Bc4 
59. Rb6 Nd5 60. Rb8 Kf6 61. Rc8 Bb5 62. Ra8 Ng5 63. a3 bxa3 64. Rxa3 Ne6 
65. Ra5 Ndc7 66. Nb3 d5 67. g3 Ke7 68. Kf2 Kd6 69. Ra1 Bd3 70. Ra4 Bc4 
71. Nd2 Bb5 72. Rh4 Nd4 73. Nb1 Nce6 74. Rh6 Bc4 75. Nd2 Bd3 76. Rh8 Nc5 
77. Rh6+ Ke7 78. Rh5 Ke6 79. Rh8 Bc4 80. g4 Bb5 81. Nb1 Nd3+ 82. Kg3 Kd6 
83. Rc8 Bc6 84. Nd2 Bd7 85. Rb8 Ne6 86. Nb3 Kc7 87. Ra8 Bb5 88. Rh8 Ba4 
89. Nd2 Kb6 90. Ra8 Bb5 91. Rc8 Ka5 92. Rb8 Kb4 93. Nb1 Kc5 94. Nc3 Bd7 
95. Ra8 Kc4 96. Na4 Bxa4 97. Rxa4+ Kb3 98. Ra1 d4 99. Ra8 Ndc5 100. Kf2 d3 
101. Ke3 Kc3 102. Ra3+ Nb3 103. Rxb3+ Kxb3 104. Kxd3 Nc5+ 105. Kd2 Kc4 
106. Ke3 Kd5 107. Kd2 Kd4 108. g5 Ne6 109. g6 Ng7 110. Ke2 Kd5 111. Kd3 Ke6 
112. Ke4 Ne8 113. g7 Nf6+ 114. Kd3 Kf7 115. g8=R Kxg8 116. Ke3 Kg7 117. Kd3 Kg6 
118. Ke2 Kf5 119. Kd1 Nh7 120. Ke1 Ng5 121. Ke2 Kf4 122. Kf2 Nxf3 123. Kg2 e4 
124. Kf1 e3 125. Ke2 Ke4 126. Kf1 Kd3 127. Kg2 e2 128. Kxf3 e1=Q 129. Kf4 Qa5 
130. Kg3 Qf5 131. Kg2 Ke3 132. Kg3 Qg5+ 133. Kh3 Kf3 134. Kh2 Qg2# 0-1

[Event "Wednesday Jan 10 Engine Tour 9 Rd Swiss 12m+1s Starts at 1600hrs ST"]
[Site "Infinity Chess"]
[Date "2018.1.10"]
[Round "7"]
[White "MarioDeMonti"]
[Black "RonWeasley"]
[Result "1/2-1/2"]
[ECO "C11"]
[WhiteElo "2408"]
[BlackElo "2435"]
[WhiteEngine "stockfish_x64_bmi2_2017_12_26_CTG"]
[BlackEngine "BrainFish 060118_CTG"]
[EventType "Swiss"]
[WhiteTeam ""]
[BlackTeam ""]
[PlyCount "141"]
[TimeControl "720+1"]

1. e4 e6 2. d4 d5 3. Nc3 Nf6 4. e5 Nfd7 5. f4 c5 6. Nf3 Nc6 7. Be3 cxd4 
8. Nxd4 Qb6 9. Qd2 Qxb2 10. Rb1 Qa3 11. Bb5 Nxd4 12. Bxd4 a6 13. Bxd7+ Bxd7 
14. Rb3 Qe7 15. Rxb7 Rc8 16. O-O Qd8 17. Qf2 Rxc3 18. Bxc3 Qc8 19. Rb3 Ba4 
20. Bd4 Bxb3 21. axb3 Be7 22. c3 O-O 23. b4 Qc6 24. Ra1 Bd8 25. h4 Bc7 26. h5 h6 
27. g4 a5 28. g5 axb4 29. gxh6 gxh6 30. Kh1 Kh8 31. Rg1 Rg8 32. Rxg8+ Kxg8 
33. Qg1+ Kf8 34. Bc5+ Ke8 35. cxb4 Kd7 36. Qg8 d4+ 37. Kg1 d3 38. Qxf7+ Kc8 
39. Kf2 d2 40. Qf8+ Kb7 41. Ke2 d1=Q+ 42. Kxd1 Qd5+ 43. Kc1 Qh1+ 44. Kb2 Qg2+ 
45. Ka1 Qf1+ 46. Ka2 Qe2+ 47. Ka1 Qa6+ 48. Kb1 Qe2 49. b5 Qxb5+ 50. Ka2 Qa4+ 
51. Ba3 Qc4+ 52. Ka1 Qd4+ 53. Kb1 Qe4+ 54. Ka1 Qe1+ 55. Ka2 Qd2+ 56. Ka1 Qc3+ 
57. Bb2 Qe1+ 58. Ka2 Qe4 59. f5 Qc4+ 60. Ka1 Qf1+ 61. Ka2 Qc4+ 62. Ka1 Qa4+ 
63. Kb1 Qd1+ 64. Ka2 Qd5+ 65. Ka1 exf5 66. Qxf5 Qd1+ 67. Ka2 Qa4+ 68. Kb1 Qd1+ 
69. Ka2 Qd5+ 70. Ka1 Qd1+ 71. Ka2 1/2-1/2

[Event "Wednesday Jan 10 Engine Tour 9 Rd Swiss 12m+1s Starts at 1600hrs ST"]
[Site "Infinity Chess"]
[Date "2018.1.10"]
[Round "7"]
[White "Klaus"]
[Black "Vimtiroba"]
[Result "1/2-1/2"]
[ECO "C50"]
[WhiteElo "2418"]
[BlackElo "2455"]
[WhiteEngine "asmFishW_2017-11-19_bmi2"]
[BlackEngine "CChess@Extended_CTG"]
[EventType "Swiss"]
[WhiteTeam ""]
[BlackTeam ""]
[PlyCount "104"]
[TimeControl "720+1"]

1. e4 e5 2. Nf3 Nc6 3. Bc4 Bc5 4. O-O Nf6 5. d3 d6 6. c3 O-O 7. Bg5 h6 8. Bh4 a6 
9. a4 g5 10. Bg3 Ba7 11. Nbd2 Nh7 12. h3 h5 13. Kh1 Kh8 14. b4 g4 15. Nh4 Qg5 
16. b5 Ne7 17. d4 exd4 18. cxd4 Qh6 19. e5 d5 20. Bd3 Bxd4 21. Rc1 Bb6 
22. bxa6 bxa6 23. Nb3 c6 24. Nc5 gxh3 25. e6 hxg2+ 26. Nxg2 Bxc5 27. Rxc5 Qxe6 
28. Qxh5 Qh3+ 29. Qxh3 Bxh3 30. Re1 Rfe8 31. Nh4 Bd7 32. f3 Kg7 33. Rg1 Ng6 
34. Bf2 Nf6 35. Rg2 Rh8 36. Kg1 Rh6 37. Nf5+ Bxf5 38. Bxf5 Rah8 39. Bd4 Rh1+ 
40. Kf2 R8h4 41. Bxf6+ Kxf6 42. Bxg6 fxg6 43. Rxc6+ Kf5 44. Rxa6 Ra1 
45. Rgxg6 Rhxa4 46. Raf6+ Ke5 47. Re6+ Kd4 48. Rg4+ Kc5 49. Rxa4 Rxa4 
50. f4 Rxf4+ 51. Ke3 Ra4 52. Re8 Ra3+ 1/2-1/2

[Event "Wednesday Jan 10 Engine Tour 9 Rd Swiss 12m+1s Starts at 1600hrs ST"]
[Site "Infinity Chess"]
[Date "2018.1.10"]
[Round "7"]
[White "Satria_Ungu"]
[Black "angriff"]
[Result "1/2-1/2"]
[ECO "A40"]
[WhiteElo "2392"]
[BlackElo "2408"]
[WhiteEngine "Houdini 6_CTG"]
[BlackEngine "SF_64BIT_POPCNT_CTG"]
[EventType "Swiss"]
[WhiteTeam ""]
[BlackTeam ""]
[PlyCount "109"]
[TimeControl "720+1"]

1. d4 c6 2. Nf3 Nf6 3. e3 d5 4. c4 Bf5 5. Nc3 e6 6. Bd3 Bb4 7. O-O O-O 
8. Bxf5 exf5 9. cxd5 cxd5 10. Bd2 Nc6 11. Qb3 Rb8 12. Rac1 Bd6 13. Rfd1 g6 
14. a3 Re8 15. g3 Bc7 16. Nb5 Rc8 17. Nxc7 Rxc7 18. Ne5 Nxe5 19. dxe5 Ne4 
20. Bb4 Rxe5 21. f3 Nf6 22. Rxc7 Qxc7 23. Qc3 Qxc3 24. Bxc3 Re6 25. Bd4 a6 
26. Rc1 Ne8 27. Rc8 f6 28. Rb8 b5 29. Rd8 Kf7 30. Rxd5 Nd6 31. Rc5 Nc4 
32. Kf2 Ne5 33. Bxe5 fxe5 34. e4 fxe4 35. fxe4 Kf6 36. Ke3 Kg5 37. h3 h5 
38. b3 h4 39. g4 Kf6 40. b4 Kg5 41. Rd5 Kh6 42. Kf2 Kg5 43. Kf3 Kf6 44. Rc5 g5 
45. Rc1 Kf7 46. Rc7+ Kf6 47. Rh7 Kg6 48. Rc7 Rd6 49. Ke2 Rb6 50. Kf3 Rd6 
51. Ke3 Kf6 52. Ra7 Kg6 53. Rc7 Kf6 54. Ra7 Kg6 55. Rc7 1/2-1/2

[Event "Wednesday Jan 10 Engine Tour 9 Rd Swiss 12m+1s Starts at 1600hrs ST"]
[Site "Infinity Chess"]
[Date "2018.1.10"]
[Round "7"]
[White "hafaba"]
[Black "ocirema"]
[Result "1/2-1/2"]
[ECO "A05"]
[WhiteElo "2440"]
[BlackElo "2406"]
[WhiteEngine "Stockfish SL 07012018 POPCNT_CTG"]
[BlackEngine "stockfish_18010422_x64_modern_CTG"]
[EventType "Swiss"]
[WhiteTeam ""]
[BlackTeam ""]
[PlyCount "87"]
[TimeControl "720+1"]

1. Nf3 Nf6 2. d4 d5 3. c4 e6 4. Nc3 Be7 5. Bf4 O-O 6. e3 Nbd7 7. a3 c5 
8. cxd5 Nxd5 9. Nxd5 exd5 10. dxc5 Nxc5 11. Be5 Bf5 12. Be2 Bf6 13. Bxf6 Qxf6 
14. Nd4 Ne6 15. Nxf5 Qxf5 16. O-O Qe5 17. Bg4 Rad8 18. b4 f5 19. Bf3 d4 
20. Qb3 dxe3 21. Qxe3 Qxe3 22. fxe3 b6 23. Rad1 g6 24. Bd5 Kf7 25. e4 Ke7 
26. exf5 Rxf5 27. Rxf5 gxf5 28. Kf2 Kf6 29. Bb3 Rxd1 30. Bxd1 Nd4 31. Ke3 Nb5 
32. a4 Nc3 33. Bb3 Ke5 34. b5 Ne4 35. Bc2 Nc3 36. g3 Nd5+ 37. Ke2 Nf6 
38. Bb3 Nd5 39. Bxd5 Kxd5 40. Kd3 Kc5 41. Kc3 Kd5 42. Kd3 Kc5 43. Kc3 Kd5 
44. Kd3 1/2-1/2

[Event "Wednesday Jan 10 Engine Tour 9 Rd Swiss 12m+1s Starts at 1600hrs ST"]
[Site "Infinity Chess"]
[Date "2018.1.10"]
[Round "7"]
[White "MGR"]
[Black "MiKachomiKa QueeN"]
[Result "1/2-1/2"]
[ECO "E32"]
[WhiteElo "2487"]
[BlackElo "2413"]
[WhiteEngine "asmFishW_2017-11-19_bmi2"]
[BlackEngine "stockfish_18010422_x64_modern_CTG"]
[EventType "Swiss"]
[WhiteTeam ""]
[BlackTeam ""]
[PlyCount "97"]
[TimeControl "720+1"]

1. d4 Nf6 2. c4 e6 3. Nc3 Bb4 4. Qc2 O-O 5. e4 d6 6. e5 dxe5 7. dxe5 Ng4 
8. Nf3 Nc6 9. Bf4 Nd4 10. Qd2 Nxf3+ 11. gxf3 Qxd2+ 12. Kxd2 Nh6 13. Rd1 Bd7 
14. Bxh6 gxh6 15. Bd3 f5 16. exf6 Rxf6 17. Ke2 Rf7 18. Be4 Bd6 19. Rhg1+ Kf8 
20. Rg4 Rb8 21. Rh4 b5 22. Nxb5 Bxb5 23. cxb5 Rxb5 24. b3 Ra5 25. a4 h5 
26. Rd4 Kg7 27. Rc4 Kh6 28. Bc6 Raf5 29. b4 Rg7 30. Kf1 Rfg5 31. Ke2 Rf5 
32. Rce4 e5 33. Reg4 Rgg5 34. Rxg5 Kxg5 35. Rc4 Rf4 36. Be4 Rh4 37. b5 Rxh2 
38. Rc6 h4 39. a5 Bb4 40. Rxc7 Bxa5 41. Rg7+ Kf6 42. Rxa7 Rxf2+ 43. Kxf2 Bb6+ 
44. Kg2 Bxa7 45. Kh3 Kg5 46. b6 Bxb6 47. Bxh7 Kh6 48. f4 e4 49. Bxe4 1/2-1/2

[Event "Wednesday Jan 10 Engine Tour 9 Rd Swiss 12m+1s Starts at 1600hrs ST"]
[Site "Infinity Chess"]
[Date "2018.1.10"]
[Round "7"]
[White "Marsell"]
[Black "SkyPilot"]
[Result "1/2-1/2"]
[ECO "B90"]
[WhiteElo "2478"]
[BlackElo "2480"]
[WhiteEngine "asmFishW_2017-12-07_popcnt"]
[BlackEngine "stockfish_x64_bmi2_2018_01_01_CTG"]
[EventType "Swiss"]
[WhiteTeam ""]
[BlackTeam ""]
[PlyCount "81"]
[TimeControl "720+1"]

1. e4 c5 2. Nf3 d6 3. d4 cxd4 4. Nxd4 Nf6 5. Nc3 a6 6. Be3 e5 7. Nb3 Be6 
8. f3 h5 9. Qd2 Nbd7 10. Nd5 Bxd5 11. exd5 g6 12. Be2 Bg7 13. O-O b6 14. c4 O-O 
15. Rae1 Re8 16. Bf2 Qc7 17. Bd3 Kh7 18. a4 Bh6 19. Qd1 Rab8 20. Bh4 Kg7 
21. Re2 Rec8 22. Kh1 Ra8 23. Rc2 Rab8 24. Rc3 Qb7 25. Rc2 Qc7 26. Re2 Re8 
27. Rfe1 Rec8 28. Qb1 Qa7 29. Rd1 Qb7 30. Qa1 Rc7 31. Qa3 Nc5 32. Nd2 Qc8 
33. Bc2 Ne8 34. b4 Nd7 35. Bb3 a5 36. b5 Nc5 37. Bc2 Nd7 38. Bb3 Nc5 39. Bc2 Nd7 
40. Bd3 Nc5 41. Bc2 1/2-1/2

[Event "Wednesday Jan 10 Engine Tour 9 Rd Swiss 12m+1s Starts at 1600hrs ST"]
[Site "Infinity Chess"]
[Date "2018.1.10"]
[Round "7"]
[White "Thinker"]
[Black "xeonrocks"]
[Result "1/2-1/2"]
[ECO "C50"]
[WhiteElo "2437"]
[BlackElo "2522"]
[WhiteEngine "BrainFish_180106_x64_modern_CTG"]
[BlackEngine "asmFishW_CTG"]
[EventType "Swiss"]
[WhiteTeam ""]
[BlackTeam ""]
[PlyCount "106"]
[TimeControl "720+1"]

1. e4 e5 2. Nf3 Nc6 3. Bc4 Bc5 4. O-O Nf6 5. d3 d6 6. c3 O-O 7. h3 a5 8. Nbd2 h6 
9. Re1 Be6 10. b3 Ba7 11. Nf1 d5 12. exd5 Nxd5 13. Bd2 Qf6 14. Rc1 Rfd8 
15. Qe2 Nde7 16. Rcd1 Bb6 17. Ng3 Bd5 18. Bxd5 Nxd5 19. Nh5 Qf5 20. Nxe5 Nxe5 
21. Qxe5 Bxf2+ 22. Kf1 Qxe5 23. Rxe5 Bb6 24. d4 c6 25. Re4 Re8 26. Rxe8+ Rxe8 
27. c4 Ne3+ 28. Bxe3 Rxe3 29. d5 Re5 30. Ng3 Bc5 31. dxc6 bxc6 32. Re1 Rxe1+ 
33. Kxe1 Kf8 34. Ke2 Ke7 35. Nf5+ Kf6 36. g4 Bb6 37. Kd3 h5 38. Nd4 Bxd4 
39. Kxd4 hxg4 40. hxg4 g5 41. c5 Ke6 42. Ke4 f5+ 43. gxf5+ Kf6 44. a3 g4 
45. Kf4 g3 46. Kxg3 Kxf5 47. Kf2 Ke4 48. Ke2 Ke5 49. Kd3 Kd5 50. b4 axb4 
51. axb4 Ke6 52. b5 cxb5 53. c6 Kd6 1/2-1/2

[Event "Wednesday Jan 10 Engine Tour 9 Rd Swiss 12m+1s Starts at 1600hrs ST"]
[Site "Infinity Chess"]
[Date "2018.1.10"]
[Round "7"]
[White "Gilgamesch"]
[Black "Dovahkiin"]
[Result "1/2-1/2"]
[ECO "C11"]
[WhiteElo "2518"]
[BlackElo "2431"]
[WhiteEngine "BrainFish_171005_x64_bmi2"]
[BlackEngine "BrainFish_180106_x64_modern_CTG"]
[EventType "Swiss"]
[WhiteTeam ""]
[BlackTeam ""]
[PlyCount "94"]
[TimeControl "720+1"]

1. e4 e6 2. d4 d5 3. Nc3 Nf6 4. e5 Nfd7 5. f4 c5 6. Nf3 Nc6 7. Be3 cxd4 
8. Nxd4 Qb6 9. Qd2 Qxb2 10. Rb1 Qa3 11. Bb5 Nxd4 12. Bxd4 a6 13. Bxd7+ Bxd7 
14. Rb3 Qe7 15. Rxb7 Rc8 16. O-O Qd8 17. f5 exf5 18. Qd3 Bc5 19. Bxc5 Rxc5 
20. Nxd5 Bc8 21. Re7+ Kf8 22. Qa3 Qa5 23. Qxa5 Rxa5 24. Rc7 Be6 25. Nf4 Rxe5 
26. Nxe6+ Rxe6 27. Rxf5 Re7 28. Rc8+ Re8 29. Rc7 Re7 30. Rc8+ Re8 31. Rfc5 Ke7 
32. R5c7+ Kf6 33. Rc6+ Ke5 34. R8c7 Re6 35. Rc3 Rf8 36. h4 g6 37. Kf2 h5 
38. Kg3 Kf6 39. Rf3+ Kg7 40. c4 Re2 41. a3 a5 42. c5 a4 43. c6 Rc2 44. Rf4 Rc3+ 
45. Rf3 Rc2 46. Kf4 Re8 47. Kg3 Rf8 1/2-1/2

[Event "Wednesday Jan 10 Engine Tour 9 Rd Swiss 12m+1s Starts at 1600hrs ST"]
[Site "Infinity Chess"]
[Date "2018.1.10"]
[Round "7"]
[White "THE_MACHINE"]
[Black "ivrdurant"]
[Result "1/2-1/2"]
[ECO "C58"]
[WhiteElo "2531"]
[BlackElo "2441"]
[WhiteEngine "Houdini 6"]
[BlackEngine "Raubfisch X37b1."]
[EventType "Swiss"]
[WhiteTeam ""]
[BlackTeam ""]
[PlyCount "85"]
[TimeControl "720+1"]

1. e4 e5 2. Nf3 Nc6 3. Bc4 Nf6 4. Ng5 d5 5. exd5 Na5 6. Bb5+ c6 7. dxc6 bxc6 
8. Be2 h6 9. Nh3 Bd6 10. d3 O-O 11. Nc3 Nd5 12. O-O Nxc3 13. bxc3 Qh4 
14. Rb1 Bxh3 15. gxh3 Qxh3 16. Bg4 Qh4 17. Bf5 Rab8 18. Rxb8 Rxb8 19. Qf3 Rb1 
20. Be3 e4 21. Qh3 Qxh3 22. Bxh3 Rb2 23. Bg2 Rxc2 24. Bxe4 Rxc3 25. Bxa7 Ra3 
26. Rb1 g6 27. Rb6 f5 28. Bxc6 Nxc6 29. Rxc6 Rxa7 30. Rxd6 Kf7 31. h4 Rxa2 
32. Rc6 Ra4 33. Rc7+ Ke8 34. Rc6 Rg4+ 35. Kf1 Rxh4 36. Rxg6 Kf7 37. Rc6 h5 
38. Ke2 Rg4 39. Rh6 Rh4 40. Ra6 Rg4 41. Rh6 Rh4 42. Ra6 Rg4 43. Rh6 1/2-1/2

[Event "Wednesday Jan 10 Engine Tour 9 Rd Swiss 12m+1s Starts at 1600hrs ST"]
[Site "Infinity Chess"]
[Date "2018.1.10"]
[Round "6"]
[White "MarioDeMonti"]
[Black "PAKman"]
[Result "1/2-1/2 "]
[ECO "C55"]
[WhiteElo "2410"]
[BlackElo "2352"]
[WhiteEngine "stockfish_x64_bmi2_2017_12_26_CTG"]
[BlackEngine "Raubfisch ME262_GTZ16b1_CTG"]
[EventType "Swiss"]
[WhiteTeam ""]
[BlackTeam ""]
[PlyCount "240"]
[TimeControl "720+1"]

1. e4 e5 2. Nf3 Nc6 3. Bc4 Nf6 4. d3 Bc5 5. c3 d6 6. O-O O-O 7. Bg5 h6 8. Bh4 a6 
9. Nbd2 Ba7 10. Bb3 g5 11. Bg3 Na5 12. Ba4 Nh5 13. b4 Nxg3 14. hxg3 Nc6 
15. Bxc6 bxc6 16. Nb3 Re8 17. Qd2 Be6 18. c4 f6 19. Qc3 c5 20. bxc5 dxc5 
21. Ne1 Qd6 22. Nc2 h5 23. Ne3 Kf7 24. Rad1 Rh8 25. Nc1 c6 26. Ne2 Bb8 
27. Rb1 Bc7 28. Qa3 h4 29. Rb7 Rh7 30. g4 Bc8 31. Rb2 a5 32. Qa4 Bd7 
33. Rd1 Rhh8 34. Rdb1 Rh7 35. Qd1 a4 36. Nc3 Be6 37. Nxa4 Kg8 38. Qc2 Rf7 
39. Nc3 Rd7 40. Rb7 Ba5 41. Rxd7 Qxd7 42. Ncd1 Bb4 43. Nf5 Qa7 44. Ra1 Qd7 
45. a3 Ra5 46. Nde3 Bxa3 47. g3 hxg3 48. Nxg3 Bb4 49. Qd1 Qd8 50. Nef5 Rxa1 
51. Qxa1 Ba5 52. Kg2 Bb6 53. Qh1 Qe8 54. Nh5 Qd8 55. Kg1 Qf8 56. Nhg7 Bc8 
57. Qh5 Bd7 58. Kh2 Bc7 59. Kg3 Ba5 60. Qg6 Kh8 61. Qh5+ Kg8 62. Qh3 Qb8 
63. Kg2 Qf8 64. Kf3 Bb6 65. Qh1 Qd8 66. Kg2 Qf8 67. Kf3 Bd8 68. Ke2 Bc7 
69. Kf3 Ba5 70. Qh3 Bc7 71. Kg2 Bc8 72. Kh2 Bb6 73. Kg1 Bd7 74. Qh5 Bd8 
75. Kf1 Ba5 76. Qg6 Kh8 77. Qh5+ Kg8 78. Qg6 Kh8 79. Qh6+ Kg8 80. Qh3 Qb8 
81. Qh6 Qf8 82. Qh5 Bd8 83. Qg6 Kh8 84. Qh6+ Kg8 85. Qg6 Kh8 86. Qh5+ Kg8 
87. Qh2 Be7 88. Kg2 Bxf5 89. Nxf5 Kf7 90. Qh7+ Ke6 91. Nh6 Kd7 92. Kg3 Kc7 
93. Kg2 Qe8 94. Nf5 Kd8 95. Kg3 Qd7 96. f3 Qe8 97. Kf2 Qf8 98. Ke2 Qe8 
99. Kd2 Bf8 100. Kc3 Be7 101. Kd2 Qd7 102. Kc2 Qe8 103. Kb1 Qd7 104. Kc1 Qe8 
105. Kc2 Qf8 106. Kd1 Kd7 107. Kc1 Ke8 108. Qg6+ Kd7 109. Qh7 Ke6 110. Ng7+ Kd6 
111. Kd2 Qf7 112. Qh8 Qf8 113. Qxf8 Bxf8 114. Ne8+ Ke7 115. Nc7 Kd7 116. Na8 Be7 
117. Nb6+ Kd6 118. Ke3 Bd8 119. Na4 Be7 120. Nc3 Kc7 1/2-1/2

[Event "Wednesday Jan 10 Engine Tour 9 Rd Swiss 12m+1s Starts at 1600hrs ST"]
[Site "Infinity Chess"]
[Date "2018.1.10"]
[Round "6"]
[White "miguello"]
[Black "Klaus"]
[Result "1/2-1/2"]
[ECO "E10"]
[WhiteElo "2395"]
[BlackElo "2419"]
[WhiteEngine "asmFishW_2017-11-19_popcnt_CTG"]
[BlackEngine "asmFishW_2017-11-19_bmi2"]
[EventType "Swiss"]
[WhiteTeam ""]
[BlackTeam ""]
[PlyCount "91"]
[TimeControl "720+1"]

1. d4 Nf6 2. c4 e6 3. Nf3 d5 4. g3 Bb4+ 5. Bd2 Be7 6. Bg2 O-O 7. O-O c6 
8. Qc2 b6 9. Ne5 Bb7 10. Bf4 Nbd7 11. Rd1 Nh5 12. Bd2 Nhf6 13. Bf4 Nh5 
14. Bd2 Nhf6 15. cxd5 cxd5 16. Nc6 Bxc6 17. Qxc6 Rc8 18. Qa4 Rc4 19. Qxa7 Rxd4 
20. Nc3 Rc4 21. e3 Ne5 22. b3 Rc8 23. Qa4 Qc7 24. Qa6 Qb8 25. Qe2 Rc6 
26. a3 Rfc8 27. Rdc1 g6 28. h3 h5 29. f4 Ned7 30. b4 Bf8 31. Nb5 Rxc1+ 
32. Rxc1 Ne4 33. Bxe4 dxe4 34. Rxc8 Qxc8 35. Bc3 e5 36. fxe5 Qc6 37. a4 Bg7 
38. Qb2 Qe6 39. Qg2 Nxe5 40. Qxe4 Qb3 41. Bxe5 Qd1+ 42. Kf2 Qd2+ 43. Kf3 Qd1+ 
44. Kf2 Qd2+ 45. Kf3 Qd1+ 46. Kf2 1/2-1/2

[Event "Wednesday Jan 10 Engine Tour 9 Rd Swiss 12m+1s Starts at 1600hrs ST"]
[Site "Infinity Chess"]
[Date "2018.1.10"]
[Round "6"]
[White "RonWeasley"]
[Black "KULLANI"]
[Result "1/2-1/2"]
[ECO "A00"]
[WhiteElo "2436"]
[BlackElo "2420"]
[WhiteEngine "BrainFish 060118_CTG"]
[BlackEngine "BrainFish_180106_x64_CTG"]
[EventType "Swiss"]
[WhiteTeam ""]
[BlackTeam ""]
[PlyCount "70"]
[TimeControl "720+1"]

1. a3 e5 2. e3 Nf6 3. d4 exd4 4. exd4 d5 5. Nc3 Bd6 6. Nb5 Bf5 7. Nxd6+ Qxd6 
8. Qe2+ Kd7 9. Be3 Nc6 10. O-O-O Rhe8 11. Qd2 Ne4 12. Qe1 Nf6 13. Ne2 Ng4 
14. Nc3 Rad8 15. Qd2 Nxe3 16. fxe3 Kc8 17. Kb1 Kb8 18. Re1 h5 19. Qf2 Bg6 
20. g3 Na5 21. Rg1 Qe6 22. Bb5 Re7 23. Bd3 Bxd3 24. cxd3 Qa6 25. Rd1 Qe6 
26. Rge1 f5 27. Qf4 Ree8 28. b4 Nc6 29. Rc1 Rd6 30. Kc2 Qd7 31. Kd2 g6 
32. Nb5 Rde6 33. Nc3 Rd6 34. Nb5 Rde6 35. Nc3 Rd6 1/2-1/2

[Event "Wednesday Jan 10 Engine Tour 9 Rd Swiss 12m+1s Starts at 1600hrs ST"]
[Site "Infinity Chess"]
[Date "2018.1.10"]
[Round "6"]
[White "Vimtiroba"]
[Black "Satria_Ungu"]
[Result "1/2-1/2"]
[ECO "C26"]
[WhiteElo "2458"]
[BlackElo "2389"]
[WhiteEngine "CChess@Extended_CTG"]
[BlackEngine "Houdini 6_CTG"]
[EventType "Swiss"]
[WhiteTeam ""]
[BlackTeam ""]
[PlyCount "60"]
[TimeControl "720+1"]

1. e4 e5 2. Nc3 Nf6 3. Nf3 Nc6 4. h3 Bc5 5. Bc4 O-O 6. O-O d6 7. d3 h6 8. a3 a5 
9. Be3 Bxe3 10. fxe3 Ne7 11. Nh4 c6 12. d4 d5 13. dxe5 Ng4 14. hxg4 dxc4 
15. Qf3 Be6 16. Qg3 Ng6 17. Nxg6 fxg6 18. Rxf8+ Qxf8 19. Rd1 Re8 20. Rd6 Qe7 
21. Ne2 Bf7 22. Kf2 Rf8 23. g5 hxg5 24. Nd4 g4 25. Kg1 c5 26. Nb5 g5 27. Rb6 Qd8 
28. Rd6 Qe7 29. Rb6 Qd8 30. Rd6 Qe7 1/2-1/2

[Event "Wednesday Jan 10 Engine Tour 9 Rd Swiss 12m+1s Starts at 1600hrs ST"]
[Site "Infinity Chess"]
[Date "2018.1.10"]
[Round "6"]
[White "angriff"]
[Black "hafaba"]
[Result "1/2-1/2"]
[ECO "B00"]
[WhiteElo "2407"]
[BlackElo "2441"]
[WhiteEngine "SF_64BIT_POPCNT_CTG"]
[BlackEngine "Stockfish SL 07012018 POPCNT_CTG"]
[EventType "Swiss"]
[WhiteTeam ""]
[BlackTeam ""]
[PlyCount "139"]
[TimeControl "720+1"]

1. e4 Nc6 2. d4 d5 3. e5 Bf5 4. Nf3 e6 5. c3 f6 6. Bb5 Nge7 7. exf6 gxf6 
8. Nh4 Bg6 9. O-O Qd7 10. Nd2 a6 11. Be2 Nf5 12. Nxf5 Bxf5 13. Nf3 Bd6 
14. Nh4 Be4 15. b4 a5 16. b5 Ne7 17. Bh5+ Bg6 18. Re1 O-O-O 19. Bg4 Bf7 
20. Qf3 f5 21. Bh3 Kb8 22. Rb1 Rdg8 23. g3 Qd8 24. Bg2 Rg4 25. h3 Re4 
26. Bg5 Rg8 27. Bf6 Rf8 28. c4 Be8 29. Bg5 Rg8 30. Rxe4 dxe4 31. Qe3 Nd5 
32. cxd5 Qxg5 33. dxe6 a4 34. Qxg5 Rxg5 35. Bf1 f4 36. g4 h5 37. f3 exf3 
38. Nxf3 Rg6 39. Bc4 hxg4 40. hxg4 Rxg4+ 41. Kf2 Kc8 42. Rh1 Kd8 43. Rh7 Rg3 
44. b6 cxb6 45. Rh8 Ke7 46. Nh4 Rg5 47. Bd3 Bc6 48. Nf5+ Kxe6 49. Rh6+ Kd7 
50. Rxd6+ Kc7 51. d5 Rxf5 52. Bxf5 Kxd6 53. dxc6 bxc6 54. Kf3 c5 55. Kxf4 Kd5 
56. Ke3 a3 57. Be4+ Kc4 58. Kd2 Kd4 59. Bb1 c4 60. Bc2 b5 61. Bb1 b4 62. Kc2 Kd5 
63. Kc1 Kd6 64. Kd2 Kc5 65. Bg6 b3 66. Bb1 Kb4 67. Kd1 bxa2 68. Bxa2 Kc3 
69. Ke2 Kc2 70. Bxc4 1/2-1/2